 Dungeon Crawl Stone Soup version 0.29.1-2-gbd0b4ee654 (webtiles) character file.

Game seed: 6506903555900312398

48 llahlahkje the Trooper (level 3, -2/29 HPs)
             Began as a Demonspawn Fighter on Nov 17, 2022.
             Slain by a goblin
             ... wielding a +0 club
             ... led by Robin
              (6 damage)
             ... on level 2 of the Dungeon.
             The game lasted 00:04:54 (974 turns).

llahlahkje the Trooper (Demonspawn Fighter)          Turns: 974, Time: 00:04:54

Health: -2/29      AC:  6    Str: 18    XL:     3   Next: 50%
Magic:  3/3        EV:  9    Int:  9    God:
Gold:   38         SH:  4    Dex: 12    Spells: 2/2 levels left

rFire   . . .      SeeInvis .   a - +0 long sword
rCold   . . .      Faith    .   c - +0 buckler
rNeg    . . .      Spirit   .   b - +0 scale mail
rPois   .          Reflect  .   (no helmet)
rElec   .          Harm     .   (no cloak)
rCorr   .          Rampage  .   (no gloves)
Will    .....                   (no boots)
Stlth   ..........              (no amulet)
HPRegen 0.09/turn               (no ring)
MPRegen 0.08/turn               (no ring)

@: no status effects
A: claws 1
a: no special abilities


You were on level 2 of the Dungeon.
You visited 1 branch of the dungeon, and saw 2 of its levels.

You collected 38 gold pieces.

Inventory:

Hand Weapons
 a - a +0 long sword (weapon)
Missiles
 d - 6 poisoned darts (quivered)
Armour
 b - a +0 scale mail (worn)
 c - a +0 buckler (worn)


   Skills:
 + Level 3.2 Fighting
 * Level 2.8 Long Blades
 + Level 2.9 Armour
 + Level 0.2 Dodging
 + Level 3.0 Shields


You had 2 spell levels left.
You didn't know any spells.
Your spell library was empty.

Dungeon Overview and Level Annotations

Branches:
Dungeon (2/15)

Altars:

Annotations:
D:2 Robin


Innate Abilities, Weirdness & Mutations

You have sharp fingernails.


Message History

You hit the goblin.
You kill the goblin!
The goblin barely misses you.
Robin's horned helmet rattles.
Robin roars a battlecry!
The goblin goes into a battle-frenzy!
The goblin hits you but does no damage.
You slash Robin!
Robin is heavily wounded.
The goblin closely misses you.
You hit Robin.
Robin is severely wounded.
The goblin hits you but does no damage.
You closely miss the goblin.
The goblin is severely wounded.
The goblin no longer looks unusually strong.
The goblin barely misses you.
A goblin comes into view. It is wielding a +0 dagger.
Robin roars a battlecry!
The goblins go into a battle-frenzy!
You block the goblin's attack.
The goblin shouts!
You hit Robin.
Robin is severely wounded.
The goblin hits you with a +0 dagger.
* * * LOW HITPOINT WARNING * * *
You block Robin's attack.
You slash the goblin!
You kill the goblin!
Robin hits you but does no damage. Robin throws the goblin at you!
* * * LOW HITPOINT WARNING * * *
You block the goblin's attack.
Items here: )) ††.
Unknown command.
Robin hits you but does no damage.
You hit Robin.
Robin is almost dead.
The goblin hits you with a +0 club.
You die...

###### # ####....## #
.........############# #
#.....).gg@g......# #
#......##########.#######
# #......#
..............# #
#####..# ####..........#
#..# #..........# #..#
#..........# #..#
#..........### #..#
#.............
........#......


You could see Robin and 2 goblins.

Vanquished Creatures
  An adder (D:2)
  4 bats (D:1)
  3 endoplasms (D:1)
  2 giant cockroaches (D:2)
  6 goblins
  3 hobgoblins
  3 jackals (D:1)
  3 quokkas
  2 ball pythons (D:2)
  2 frilled lizards
  2 kobolds (D:1)
  4 rats
35 creatures vanquished.

Notes
Turn   | Place    | Note
-------+----------+-------------------------------------------
     0 | D:1      | llahlahkje the Demonspawn Fighter began the quest for the
                  | Orb.
     0 | D:1      | Reached XP level 1. HP: 18/18 MP: 1/1
   257 | D:1      | Discovered your monstrous ancestry.
   257 | D:1      | Gained mutation: You have sharp fingernails. [demonic
                  | ancestry]
   257 | D:1      | Reached XP level 2. HP: 10/24 MP: 2/2
   708 | D:2      | Reached XP level 3. HP: 18/29 MP: 3/3
   952 | D:2      | Noticed Robin
   974 | D:2      | Slain by a goblin

Illustrated notes

Levels and vault maps discovered:
D:1:      minmay_arrival_stair_chambers, layout_basic
D:2:      layout_basic, chequers_serial_rivers_small_3, minmay_3d_cube,
          uniq_robin

Skill      XL: |  1  2  3 |
---------------+----------+-----
Long Blades    | 2 |  2.8
Shields        | 3 |  3.0
Fighting       | |  3.2
Armour         | |  2.9
Dodging        | |  0.2

Action                   || total
-------------------------++-------
Melee: Long sword        ||    92
  Use: Potion            ||     6
       Scroll            ||     2
Armor: Scale mail        ||    66
Dodge: Dodged            ||    68
Block: Buckler           ||    42
